 Dungeon Crawl Stone Soup version 0.23.2-33-g5129a83184 (webtiles) character file.

Game seed: 9114645004501524914

236542 kae the Executioner (level 19, -5/179 HPs)
             Began as a Hill Orc Fighter on June 26, 2019.
             Was the Champion of Beogh.
             Killed by the air
             ... invoked by a spriggan air mage
             ... led by the Enchantress
              (7 damage)
             ... on level 1 of the Depths on June 27, 2019.
             The game lasted 00:54:57 (35677 turns).

kae the Executioner (Hill Orc Fighter)             Turns: 35677, Time: 00:54:58

Health: -5/179     AC: 36    Str: 27    XL:     19   Next: 21%
Magic:  0/31       EV:  6    Int:  8    God:    Beogh [******]
Gold:   2846       SH: 15    Dex: 10    Spells: 18/18 levels left

rFire    + + .     SeeInvis .   K - +11 hand axe "Zoson" {venom, rPois}
rCold    . . .     Gourm    .   c - +5 shield
rNeg     + . .     Faith    .   s - +14 plate armour "Catein" {rF++ rN+}
rPois    +         Spirit   +   (no helmet)
rElec    +         Reflect  .   M - scarf {repulsion}
rCorr    .         Harm     .   o - +2 pair of gloves
MR       +....                  (no boots)
Stlth    ..........             Q - amulet of guardian spirit
HPRegen  0.39/turn              V - ring of Checkmate {Wiz rElec}
MPRegen  0.22/turn              y - ring of poison resistance

@: repel missiles
A: walk on water
}: 2/15 runes: decaying, gossamer
a: Smiting, Recall Orcish Followers, Give Item to Named Follower, Resurrection,
Renounce Religion


You were on level 1 of the Depths.
You worshipped Beogh.
Beogh was exalted by your worship.
You were not hungry.

You visited 5 branches of the dungeon, and saw 30 of its levels.
You visited the Abyss 1 time.
You also visited: Bailey and Volcano.

You collected 2846 gold pieces.

Inventory:

Hand Weapons
 K - the +11 hand axe "Zoson" (weapon) {venom, rPois}
   (You found it on level 6 of the Dungeon)

   It poisons the flesh of those it strikes.
   It protects you from poison.
Armour
 c - a +5 shield (worn)
 o - a +2 pair of gloves (worn)
 s - the +14 plate armour "Catein" (worn) {rF++ rN+}
   (You found it on level 4 of the Dungeon)

   It greatly protects you from fire.
   It protects you from negative energy.
 H - a +1 cloak of fire resistance
 M - a scarf of repulsion (worn)
Jewellery
 a - an uncursed ring of positive energy
 q - an uncursed ring of see invisible
 t - an uncursed ring of positive energy
 y - a ring of poison resistance (right hand)
 B - an uncursed ring of protection from magic
 D - an uncursed ring of protection from cold
 Q - an amulet of guardian spirit (around neck)
 S - a +2 ring of strength
 V - the ring of Checkmate (left hand) {Wiz rElec}
   (You found it on level 11 of the Dungeon)

   [ring of wizardry]

   It improves your spell success rate.
   It insulates you from electricity.
Wands
 b - a wand of digging (2)
 l - a wand of paralysis (23)
 n - a wand of clouds (10)
 p - a wand of flame (75)
 A - a wand of scattershot (4)
 E - a wand of polymorph (17)
 J - a wand of random effects (15)
 L - a wand of acid (8)
 N - a wand of iceblast (19)
 U - a wand of enslavement (5)
 Z - a wand of disintegration (17)
Scrolls
 e - 14 scrolls of enchant weapon
 h - a scroll of enchant armour
 j - 21 scrolls of teleportation
 v - 6 scrolls of magic mapping
 w - 28 scrolls of remove curse
 C - a scroll of blinking
 I - 5 scrolls of fear
 O - 3 scrolls of fog
 R - 5 scrolls of identify
 W - 2 scrolls of amnesia
 X - a scroll of summoning
Potions
 d - 4 potions of might
 g - 7 potions of heal wounds
 i - 5 potions of flight
 k - 9 potions of curing
 m - 6 potions of brilliance
 r - 6 potions of haste
 u - 5 potions of invisibility
 x - 6 potions of lignification
 z - a potion of magic
 F - 6 potions of mutation
 G - 7 potions of agility
 P - 3 potions of ambrosia
 Y - 3 potions of cancellation
Comestibles
 f - 56 rations


   Skills:
 + Level 18.1 Fighting
 * Level 25.5 Axes
 + Level 18.6 Armour
 - Level 3.2 Shields
 + Level 17.9 Invocations


You had 18 spell levels left.
You didn't know any spells.
Your spell library contained the following spells:

 Spells                   Type           Power        Failure   Level  Hunger
 Beastly Appendage        Tmut           #.....       98%         1    ##.....
 Corona                   Hex            #......      98%         1    ##.....
 Flame Tongue             Conj/Fire      #....        98%         1    ##.....
 Freeze                   Ice            #...         98%         1    ##.....
 Magic Dart               Conj           #...         98%         1    ##.....
 Shock                    Conj/Air       #...         98%         1    ##.....
 Blink                    Tloc           N/A          99%         2    ###....
 Call Imp                 Summ           #.......     99%         2    ###....
 Ensorcelled Hibernation  Hex/Ice        #.....       99%         2    ###....
 Poisonous Vapours        Pois/Air       #.....       99%         2    ###....
 Slow                     Hex            #.......     99%         2    ###....
 Sticks to Snakes         Tmut           #.......     99%         2    ###....
 Swiftness                Chrm/Air       #.......     99%         2    ###....
 Throw Flame              Conj/Fire      #.....       99%         2    ###....
 Throw Frost              Conj/Ice       #.....       99%         2    ###....
 Confuse                  Hex            #.......     100%        3    ####...
 Conjure Flame            Conj/Fire      #.......     100%        3    ####...
 Dazzling Spray           Conj/Hex       #.....       100%        3    ####...
 Ignite Poison            Fire/Tmut/Pois #.......     100%        3    ####...
 Inner Flame              Hex/Fire       #.......     100%        3    ####...
 Mephitic Cloud           Conj/Pois/Air  #.......     100%        3    ####...
 Ozocubu's Armour         Chrm/Ice       #.......     100%        3    ####...
 Portal Projectile        Hex/Tloc       #.....       100%        3    ####...
 Spider Form              Tmut/Pois      #.........   100%        3    ####...
 Static Discharge         Conj/Air       #.......     100%        3    ####...
 Tukima's Dance           Hex            #.......     100%        3    ####...
 Airstrike                Air            #.........   100%        4    #####..
 Cause Fear               Hex            #.........   100%        4    #####..
 Ice Form                 Ice/Tmut       #.......     100%        4    #####..
 Leda's Liquefaction      Hex/Erth       #.........   100%        4    #####..
 Summon Ice Beast         Ice/Summ       #.......     100%        4    #####..
 Throw Icicle             Conj/Ice       #.......     100%        4    #####..
 Blade Hands              Tmut           #.........   100%        5    ######.
 Bolt of Magma            Conj/Fire/Erth #.........   100%        5    ######.
 Lightning Bolt           Conj/Air       #.........   100%        5    ######.
 Metabolic Englaciation   Hex/Ice        #.........   100%        5    ######.
 Bolt of Cold             Conj/Ice       #.........   100%        6    #######
 Freezing Cloud           Conj/Ice/Air   #.........   100%        6    #######
 Ozocubu's Refrigeration  Ice            #.........   100%        6    #######
 Simulacrum               Ice/Necr       #.........   100%        6    #######
 Ring of Flames           Chrm/Fire      #.........   100%        7    #######


Dungeon Overview and Level Annotations

Branches:
Dungeon (15/15)            Temple (0/1) D:4            Lair (6/6) D:8
  Swamp (4/4) Lair:4       Spider (4/4) Lair:3        Slime (0/5) Lair:6
    Orc (0/2) D:10         Vaults (0/5) D:14         Depths (1/5) D:15

Altars:
Makhleb
Nemelex Xobeh
Ru
Trog
The Shining One
Beogh
Jiyva

Shops:
D:7 :}:(   D:11 (

Portals:
Trove: D:12 (give +5 ice dragon scales)

Annotations:
Spider:2 Nergalle
Depths:1 the Enchantress


Message History

The spriggan air mage waves its arms in wide circles.
The air twists around and strikes you!
* * * LOW HITPOINT WARNING * * *
Something hits Margrim.
Margrim looks as sick as possible!
The spriggan air mage waves its arms in wide circles.
The air twists around and strikes you!
* * * LOW HITPOINT WARNING * * *
Something blocks Margrim's attack.
Items here: $ )) [ a +0 whip; a +0 robe; 24 gold pieces; a +0 battleaxe of freezing Something hits Margrim.
Margrim dies!
The spriggan defender hits Norbak with a +4 demon whip of venom!
Norbak is poisoned.
The two-headed ogre hits Hawl with a +0 giant club!
Hawl dies!
The spriggan air mage waves its arms in wide circles.
The air twists around and strikes you!
You die...

#.......... yi
#.....####+##ii #
#.#รท###.....#i####.'
#.'.........#......#
###......o)O#i......
+....(.()Di).....#
#....(.).i#))#####
###..)..o##....#
##.@...# ....#
#.<...+ ....# #.....#
....'. ##....#
...##.. ###### ...#
..


You could see a fire dragon, a spriggan defender, a two-headed ogre, a spriggan
air mage, a spriggan, a friendly orc knight (confused) and the friendly Norbak
the orc knight (confused).

Vanquished Creatures
  Arachne (Spider:2)
  Jorgrun (D:15)
  A tentacled monstrosity (Swamp:1)
  Gastronok (D:8)
  A tentacled starspawn (Abyss:2)
  A tengu reaver (D:15)
  A fire giant (D:15)
  A frost giant (Depths:1)
  2 emperor scorpions
  Louise (Swamp:1)
  2 ghost moths (Spider:4)
  A draconian annihilator (Abyss:2)
  The ghost of slayr the Unseen, an adept SpEn of Okawaru (Spider:3)
  A stone giant (Depths:1)
  3 entropy weavers
  A very ugly thing (D:15)
  A fire dragon (D:15)
  7 vault guards (D:14)
  2 ogre magi
  15 hydras
  3 rakshasas
  A spriggan air mage (Depths:1)
  3 ghost crabs
  A catoblepas (Lair:6)
  5 centaur warriors
  5 shambling mangroves
  A dancing weapon (Volcano)
  4 two-headed ogres
  4 tengu warriors
  3 death yaks (Lair:3)
  2 death knights (D:15)
  5 thrashing horrors (Abyss:2)
  7 alligators
  4 spriggans
  A sun demon (Abyss:2)
  A hell knight (Abyss:2)
  A shadow wraith (D:15)
  An unseen horror (D:11)
  A wretched star (Abyss:2)
  6 swamp dragons
  A flayed ghost (D:15)
  A spriggan druid (Swamp:4)
  6 wizards
  A wolf spider zombie (D:15)
  Pikel (D:4)
  2 oklob plants (Lair:3)
  7 orb spiders
  2 deep elf magi (D:15)
  3 manticores
  25 wolf spiders
  5 toenail golems (Volcano)
  10 ugly things
  An elephant (Lair:3)
  4 cyclopes
  2 moths of wrath
  3 centaur zombies (D:11)
  A frost giant skeleton (Abyss:2)
  Psyche (D:8)
  A guardian serpent (Lair:6)
  5 black mambas (Lair:6)
  3 torpor snails
  2 smoke demons (Abyss:2)
  3 gargoyles
  9 spiny frogs
  5 centaur skeletons
  An efreet (Abyss:2)
  6 komodo dragons
  2 yaktaurs
  A redback zombie (D:7)
  An ancient zyme (Abyss:2)
  4 demonic crawlers
  22 jumping spiders
  2 trolls
  A meliai (D:15)
  29 hornets
  2 polar bears
  A troll (shapeshifter) (D:15)
  8 tyrant leeches
  Prince Ribbit (D:8)
  A harpy skeleton (D:15)
  17 blink frogs
  14 slime creatures
  8 bog bodies
  7 raiju (Abyss:2)
  6 dream sheep
  6 hippogriffs
  5 shadows
  Sigmund (D:5)
  58 redbacks
  30 tarantellas
  4 starcursed masses (Abyss:2)
  5 ynoxinuls (Abyss:2)
  A wraith (D:15)
  13 wyverns
  2 basilisks
  40 yaks
  2 yaks (shapeshifter) (D:15)
  A tarantella (shapeshifter) (Depths:1)
  Eustachio (D:4)
  A human (D:9)
  Grum (Lair:1)
  3 large abominations (Abyss:2)
  A hog (shapeshifter) (D:15)
  10 vampire mosquitoes
  6 hungry ghosts
  4 hogs (D:9)
  2 steam dragons
  A soldier ant (D:11)
  4 insubstantial wisps (Swamp:1)
  2 acid dragons
  9 swamp worms
  13 water moccasins
  5 porcupines
  16 swamp drakes
  2 black bears
  5 sky beasts
  An eye of draining (D:14)
  4 orc warriors
  An ice beast (D:9)
  A slave (D:4)
  4 boggarts (D:14)
  A necrophage (D:9)
  7 ogres
  12 wolves
  6 small abominations (Abyss:2)
  16 centaurs
  14 crocodiles
  4 big kobolds
  21 bullfrogs
  A gnoll sergeant (D:8)
  2 wyvern zombies
  5 scorpions
  22 killer bees
  5 wights (D:6)
  6 howler monkeys
  2 electric eels (Spider:2)
  13 crimson imps
  4 quasits
  7 hounds
  2 jellies
  Crazy Yiuf (D:7)
  8 orc priests
  17 orc wizards
  3 bullfrog skeletons
  4 iguanas
  Terence (D:2)
  8 worker ants
  A hound zombie (D:6)
  Robin (D:2)
  9 gnolls
  8 adders
  4 shadow imps
  An ufetubus (Abyss:2)
  An ooze (D:3)
  3 adder skeletons
  8 worms
  4 dart slugs
  6 leopard geckos
  48 orcs
  5 bats
  5 giant cockroaches
  21 goblins
  7 hobgoblins
  9 jackals
  4 quokkas
  3 ball pythons
  3 frilled lizards
  30 kobolds
  2 leopard gecko skeletons (D:8)
  16 rats
  A bush (Lair:6)
  6 fungi
  10 plants
1015 creatures vanquished.

Vanquished Creatures (collateral kills)
  3 sphinxes (D:15)
  An orc warlord (D:15)
  Kirke (Lair:4)
  A storm dragon (D:15)
  Donald (Spider:2)
  2 emperor scorpions (Spider:4)
  2 spriggan defenders (Depths:1)
  An entropy weaver (Spider:2)
  Nessos (D:14)
  A fire dragon (D:15)
  A vault guard (D:14)
  7 hydras
  A catoblepas (Lair:6)
  2 centaur warriors
  A tengu warrior (D:15)
  3 death yaks
  2 two-headed ogres (Depths:1)
  3 unseen horrors
  A wizard (D:15)
  9 orb spiders
  3 orc knights
  2 cyclopes (D:15)
  A deep elf mage (D:11)
  15 wolf spiders
  3 manticores
  A salamander (shapeshifter) (D:15)
  2 ugly things
  4 black mambas
  2 centaur zombies
  A moth of wrath (Spider:4)
  3 elephants (Lair:3)
  2 torpor snails
  7 spiny frogs
  2 rime drakes (Lair:3)
  An efreet (D:15)
  2 komodo dragons
  2 demonic crawlers
  A tengu conjurer (D:13)
  11 hornets
  19 jumping spiders
  A troll (D:10)
  13 blink frogs
  4 slime creatures
  3 dream sheep (Lair:6)
  2 hippogriffs (Lair:6)
  21 redbacks
  10 tarantellas
  5 wyverns (Lair:6)
  21 yaks
  2 basilisks
  A hungry ghost (D:15)
  A vampire mosquito (D:15)
  8 water moccasins
  6 orc warriors
  4 porcupines
  A black bear (D:12)
  2 ice beasts
  2 sky beasts
  An ogre (D:11)
  11 wolves
  2 centaurs
  2 crocodiles
  2 bullfrogs
  2 killer bees (D:10)
  A howler monkey (D:10)
  3 crimson imps
  3 orc priests
  A hound (D:13)
  A worker ant (Lair:3)
  4 orc wizards
  A shadow imp (D:14)
  2 worms (Lair:3)
  16 orcs
  A giant cockroach (Lair:3)
  3 jackals (D:10)
  A kobold (D:10)
  5 fungi
  14 plants
311 creatures vanquished.

Vanquished Creatures (others)
  An orc warlord (Depths:1)
  An orc sorcerer (Spider:2)
  Nergalle (Spider:2)
  An unseen horror (D:15)
  10 orc knights
  A tyrant leech (Swamp:4)
  8 orc warriors
  6 orc wizards
  A small abomination (Abyss:2)
  A killer bee (D:8)
  7 orc priests
  31 orcs
  8 fungi
  12 plants
  5 starspawn tentacles (Abyss:2)
94 creatures vanquished.

Grand Total: 1420 creatures vanquished

Notes
Turn   | Place    | Note
-------+----------+-------------------------------------------
     0 | D:1      | kae the Hill Orc Fighter began the quest for the Orb.
     0 | D:1      | Reached XP level 1. HP: 19/19 MP: 1/1
    63 | D:1      | Reached skill level 3 in Axes
   147 | D:1      | Reached XP level 2. HP: 21/27 MP: 2/2
   363 | D:1      | Reached skill level 4 in Axes
   383 | D:1      | Reached XP level 3. HP: 26/33 MP: 3/3
   690 | D:2      | Noticed Robin
   713 | D:2      | Killed Robin
  1020 | D:2      | Reached XP level 4. HP: 38/41 MP: 4/4
  1343 | D:2      | Noticed Terence
  1349 | D:2      | Killed Terence
  1349 | D:2      | Reached skill level 5 in Axes
  2034 | D:3      | Reached XP level 5. HP: 47/47 MP: 5/5
  2149 | D:3      | Reached skill level 6 in Axes
  2162 | D:3      | Reached skill level 5 in Fighting
  2383 | D:4      | Noticed Eustachio
  2399 | D:4      | Killed Eustachio
  2399 | D:4      | Reached skill level 7 in Axes
  2399 | D:4      | Reached XP level 6. HP: 50/57 MP: 6/6
  2413 | D:4      | Got a bloodstained plate armour
  2424 | D:4      | Identified the +14 plate armour "Catein" {rF++ rN+} (You
                  | found it on level 4 of the Dungeon)
  2432 | D:4      | Found a staircase to the Ecumenical Temple.
  2465 | D:4      | Reached skill level 8 in Axes
  2465 | D:4      | Reached XP level 7. HP: 63/63 MP: 7/7
  2698 | D:4      | Found a glowing golden altar of the Shining One.
  2727 | D:4      | Noticed Pikel
  2748 | D:4      | Killed Pikel
  2748 | D:4      | Reached skill level 10 in Axes
  2748 | D:4      | Reached XP level 8. HP: 17/73 MP: 8/8
  3319 | D:5      | Entered Level 5 of the Dungeon
  3451 | D:5      | Noticed Sigmund
  3489 | D:5      | Killed Sigmund
  3766 | D:5      | Reached skill level 11 in Axes
  4037 | D:5      | Reached XP level 9. HP: 81/81 MP: 9/9
  4298 | D:6      | Reached skill level 5 in Armour
  4384 | D:6      | Became a worshipper of Beogh the Brigand
  4874 | D:6      | Noticed a moth of wrath
  4876 | D:6      | Found a bloodstained altar of Trog.
  4980 | D:7      | Found a runed translucent door.
  4981 | D:7      | Noticed Crazy Yiuf
  5039 | D:7      | Reached skill level 12 in Axes
  5039 | D:7      | Reached skill level 1 in Invocations
  5324 | D:7      | Found Jyesiuj's Book Boutique.
  5395 | D:7      | Found Fiokott's Book Shop.
  5492 | D:7      | Found Ucrair's Antique Weapon Boutique.
  5666 | D:7      | Found a sparkling altar of Nemelex Xobeh.
  5693 | D:7      | Found Perch's Gadget Shop.
  5931 | D:7      | Killed Crazy Yiuf
  5982 | D:8      | Reached * piety under Beogh
  6037 | D:8      | Reached skill level 13 in Axes
  6037 | D:8      | Reached XP level 10. HP: 69/91 MP: 12/12
  6125 | D:8      | Noticed a purple ugly thing
  6129 | D:8      | Found a staircase to the Lair.
  6157 | D:8      | Killed a purple ugly thing
  6157 | D:8      | Reached skill level 5 in Invocations
  6237 | D:8      | Paralysed by a hornet for 3 turns
  6521 | D:8      | Reached skill level 10 in Fighting
  6581 | D:8      | Reached skill level 14 in Axes
  6583 | D:8      | Reached ** piety under Beogh
  6781 | D:8      | Reached *** piety under Beogh
  6879 | D:8      | Noticed Prince Ribbit
  6908 | D:8      | Killed Prince Ribbit
  6916 | D:8      | Noticed Psyche
  6929 | D:8      | Killed Psyche
  6929 | D:8      | Reached XP level 11. HP: 87/101 MP: 15/15
  7082 | D:8      | Noticed Gastronok
  7110 | D:8      | Killed Gastronok
  7110 | D:8      | Reached skill level 15 in Axes
  7786 | D:9      | Noticed an eight-headed hydra
  7794 | D:9      | Killed an eight-headed hydra
  8162 | D:10     | Entered Level 10 of the Dungeon
  8188 | D:10     | Found a roughly hewn altar of Beogh.
  8188 | D:10     | Found a staircase to the Orcish Mines.
  8188 | D:10     | Noticed an orc knight
  8190 | D:10     | Gained Korbok as an ally
  8190 | D:10     | Reached **** piety under Beogh
  8290 | D:10     | Found a sacrificial altar of Ru.
  8339 | D:10     | Reached skill level 16 in Axes
  8352 | D:10     | Killed an unseen horror
  8421 | D:10     | Reached XP level 12. HP: 110/110 MP: 18/18
  8725 | Lair:1   | Entered Level 1 of the Lair of Beasts
  9071 | Lair:1   | Noticed a four-headed hydra
  9079 | Lair:1   | Killed a ten-headed hydra
  9150 | Lair:1   | Noticed Grum
  9167 | Lair:1   | Killed Grum
  9306 | Lair:1   | Noticed Nergalle
  9591 | Lair:2   | Reached ***** piety under Beogh
 10481 | Lair:3   | Found a dark tunnel.
 10521 | Lair:3   | Reached skill level 17 in Axes
 10554 | Volcano  | Entered a volcano
 10865 | Volcano  | Reached skill level 10 in Invocations
 10878 | Volcano  | Reached skill level 10 in Armour
 11129 | Volcano  | Reached XP level 13. HP: 96/119 MP: 20/20
 11282 | Lair:3   | Identified the Papyrus of Ignition
 11315 | Lair:3   | Found a hole to the Spider Nest.
 11396 | Lair:3   | Reached skill level 18 in Axes
 11514 | Lair:3   | Got an ancient arbalest
 11515 | Lair:3   | Identified the cursed +3 arbalest of Redoclur {elec, Dex+5}
                  | (You found it on level 3 of the Lair of Beasts)
 11568 | Lair:3   | Gained Boruk as an ally
 11569 | Lair:3   | Gained Norbak as an ally
 11768 | Lair:4   | Gained Margrim as an ally
 12051 | Lair:4   | Found a staircase to the Swamp.
 12137 | Lair:4   | Noticed Kirke
 12174 | Lair:4   | Killed Kirke
 12767 | D:6      | Got a slimy hand axe
 12768 | D:6      | Identified the +11 hand axe "Zoson" {venom, rPois} (You
                  | found it on level 6 of the Dungeon)
 13004 | Lair:5   | Reached ****** piety under Beogh
 13668 | Lair:6   | Entered Level 6 of the Lair of Beasts
 13675 | Lair:6   | Reached skill level 19 in Axes
 13710 | Lair:6   | Reached XP level 14. HP: 90/129 MP: 22/22
 14325 | Lair:6   | Found a viscous altar of Jiyva.
 14326 | Lair:6   | Found a staircase to the Slime Pits.
 14913 | Lair:6   | Reached skill level 20 in Axes
 15317 | D:11     | Found Sotit's Weapon Boutique.
 15393 | D:11     | Found a flagged portal.
 15417 | Bailey   | Entered a bailey
 16140 | D:11     | Got a scorched copper ring
 16213 | D:11     | Gained Hilgar as an ally
 16321 | D:11     | Gained Bogward as an ally
 16377 | D:11     | Gained Syrus as an ally
 16703 | D:12     | Found a portal to a secret trove of treasure.
 16935 | D:12     | Reached XP level 15. HP: 106/139 MP: 24/24
 17943 | D:13     | Identified the ring of Checkmate {Wiz rElec} (You found it
                  | on level 11 of the Dungeon)
 18706 | D:14     | Found a gate to the Vaults.
 18718 | D:14     | Gained Morguth as an ally
 18730 | D:14     | Reached skill level 21 in Axes
 19094 | D:14     | Reached skill level 15 in Fighting
 19138 | D:14     | Noticed Nessos
 19160 | D:14     | Killed Nessos
 19605 | D:15     | Entered Level 15 of the Dungeon
 19615 | D:15     | Noticed Jorgrun
 19621 | D:15     | Killed Jorgrun
 19738 | D:15     | Found a burning altar of Makhleb.
 19739 | D:15     | Found a burning altar of Makhleb.
 19739 | D:15     | Found a glowing golden altar of the Shining One.
 19752 | D:15     | Gained Rocco as an ally
 20056 | D:15     | Noticed a tengu reaver
 20066 | D:15     | Killed a tengu reaver
 20169 | D:15     | Reached XP level 16. HP: 108/149 MP: 22/26
 20299 | D:15     | Noticed a sphinx
 20309 | D:15     | Killed a sphinx
 20309 | D:15     | Reached skill level 22 in Axes
 20331 | D:15     | Noticed a sphinx
 20339 | D:15     | Killed a sphinx
 20345 | D:15     | Your ally Morguth died
 20747 | D:15     | Noticed a storm dragon
 20765 | D:15     | Killed a storm dragon
 20957 | D:15     | Reached skill level 15 in Armour
 21023 | D:15     | Noticed a sphinx
 21033 | D:15     | Paralysed by a sphinx for 2 turns
 21042 | D:15     | Killed a sphinx
 21042 | D:15     | Reached skill level 15 in Invocations
 21360 | D:15     | Gained Herok as an ally
 21594 | D:15     | Found a staircase to the Depths.
 22199 | Swamp:1  | Entered Level 1 of the Swamp
 22627 | Swamp:1  | Noticed Louise
 22632 | Swamp:1  | Cast into level 2 of the Abyss (Louise)
 23176 | Abyss:2  | Noticed a tentacled starspawn
 23196 | Abyss:2  | Killed a tentacled starspawn
 23534 | Abyss:2  | Reached skill level 23 in Axes
 23754 | Abyss:2  | Reached XP level 17. HP: 107/159 MP: 22/28
 23756 | Swamp:1  | Escaped the Abyss
 23783 | Swamp:1  | Killed Louise
 24163 | Swamp:1  | You fall through a shaft!
 24313 | Swamp:1  | Noticed a tentacled monstrosity
 24349 | Swamp:1  | Killed a tentacled monstrosity
 26654 | Swamp:4  | Entered Level 4 of the Swamp
 27629 | Swamp:4  | Gained Bladwarg as an ally
 27629 | Swamp:4  | Gained Zorug as an ally
 27867 | Swamp:4  | Your ally Bladwarg died
 28177 | Swamp:4  | Reached skill level 24 in Axes
 28183 | Swamp:4  | Your ally Zorug died
 28302 | Swamp:4  | Got a decaying rune of Zot
 28662 | Spider:1 | Entered Level 1 of the Spider Nest
 28852 | Spider:1 | Reached XP level 18. HP: 165/169 MP: 30/30
 28862 | Spider:1 | Found a frozen archway.
 29470 | Spider:1 | Gained Hawl as an ally
 29610 | Spider:2 | Noticed Arachne
 30070 | Spider:2 | Your ally Herok died
 30073 | Spider:2 | Killed Arachne
 30081 | Spider:2 | Noticed Donald
 30101 | Spider:2 | Your ally Syrus died
 30101 | Spider:2 | Killed Donald
 30117 | Spider:2 | Your ally died
 32094 | Spider:3 | Reached skill level 25 in Axes
 32330 | Spider:3 | Found a runed translucent door.
 32331 | Spider:3 | Noticed slayr's ghost (adept SpEn)
 32398 | Spider:3 | Killed slayr's ghost
 32434 | Spider:4 | Entered Level 4 of the Spider Nest
 33050 | Spider:4 | Your ally Hilgar died
 33371 | Spider:4 | Gained Orik as an ally
 33622 | Spider:4 | Reached XP level 19. HP: 60/179 MP: 1/31
 33627 | Spider:4 | HP: 8/179 [emperor scorpion (14)]
 34032 | Spider:4 | Got a gossamer rune of Zot
 34299 | Lair:3   | Paralysed by fainting for 12 turns
 34327 | Spider:1 | Paralysed by fainting for 11 turns
 35389 | Depths:1 | Entered Level 1 of the Depths
 35647 | Depths:1 | Identified the +5 faerie dragon scales {+Fly rPois rC+
                  | rCorr}
 35647 | Depths:1 | Noticed the Enchantress
 35651 | Depths:1 | Your ally Boruk died
 35656 | Depths:1 | Your ally Orik died
 35659 | Depths:1 | Your ally Bogward died
 35661 | Depths:1 | Your ally Korbok died
 35663 | Depths:1 | Your ally Rocco died
 35676 | Depths:1 | HP: 4/179 [spriggan air mage/the air[the Enchantress] (13)]
 35676 | Depths:1 | HP: 1/179 [spriggan air mage/the air[the Enchantress] (3)]
 35677 | Depths:1 | Your ally Margrim died
 35677 | Depths:1 | Your ally Hawl died
 35677 | Depths:1 | Killed from afar by a spriggan air mage

Skill      XL: |  1  2  3  4  5  6  7  8  9 10 11 12 13 14 15 16 17 18 |
---------------+-------------------------------------------------------+-----
Axes           | 3 4 5 7 8 10 11 13 14 16 17 19 20 21 23 24 25 | 25.5
Fighting       | 4 5 6 7 8 9 10 11 12 13 14 15 16 17 18 | 18.1
Armour         | 4 6 7 9 10 11 12 14 16 17 18 | 18.6
Invocations    | 3 6 8 10 11 13 14 15 16 17 | 17.9
Shields        | |  3.2

Action                   |  1- 3 |  4- 6 |  7- 9 | 10-12 | 13-15 | 16-18 | 19-21 || total
-------------------------+-------+-------+-------+-------+-------+-------+-------++-------
Melee: War axe           |    81 |   154 |   387 |   797 |   185 |       |       ||  1604
       Hand axe          |       |       |       |       |   823 |  1666 |   106 ||  2595
Invok: Convert to Beogh  |       |       |     1 |       |       |       |       ||     1
       Smiting           |       |       |       |     3 |     2 |    34 |       ||    39
       Recall Orcish Fol |       |       |       |     2 |     2 |     5 |     1 ||    10
       Give Item to Name |       |       |       |       |     1 |       |       ||     1
Evoke: Wand              |       |       |       |     1 |       |    25 |     1 ||    27
  Use: Scroll            |       |     9 |     7 |     8 |    10 |    17 |       ||    51
       Potion            |       |       |     3 |     4 |     1 |     6 |     4 ||    18
 Stab: Invisible         |       |       |       |     6 |       |       |       ||     6
       Distracted        |       |       |       |     4 |     9 |    10 |       ||    23
       Paralysed         |       |       |       |       |       |     1 |       ||     1
  Eat: Chunk             |       |     5 |     8 |    19 |    31 |    34 |       ||    97
       Ration            |       |       |     1 |       |       |     4 |     2 ||     7
Armor: Scale mail        |    58 |       |       |       |       |       |       ||    58
       Chain mail        |       |    77 |       |       |       |       |       ||    77
       Plate armour      |       |    15 |   242 |   532 |   640 |  1395 |    62 ||  2886
Dodge: Dodged            |    30 |    34 |    42 |   121 |   155 |   340 |    15 ||   737
       Deflected         |       |       |       |       |    28 |    11 |     5 ||    44
Block: Shield            |    47 |    84 |   141 |   351 |   444 |  1106 |    51 ||  2224
